 Dungeon Crawl Stone Soup version 0.28.0-45-g0d030f2227 (webtiles) character file.

Game seed: 9290220902891056276

1435 CryoSword the Cudgeller (level 8, -2/70 HPs)
             Began as a Ghoul Fighter on Apr 19, 2022.
             Was an Initiate of Ru.
             Slain by Menkaure (6 damage)
             ... on level 5 of the Dungeon.
             The game lasted 00:07:36 (6842 turns).

CryoSword the Cudgeller (Ghoul Fighter)             Turns: 6842, Time: 00:07:37

Health: -2/70      AC: 13    Str: 20    XL:     8   Next: 73%
Magic:  7/7        EV:  4    Int:  5    God:    Ru [......]
Gold:   336        SH:  8    Dex:  8    Spells: 7/7 levels left

rFire   . . .      SeeInvis .   e - +0 morningstar
rCold   + + .      Faith    .   u - +0 kite shield
rNeg    + + +      Spirit   .   k - +0 plate armour {rC+}
rPois   ∞          Reflect  .   b - +0 helmet
rElec   .          Harm     .   (no cloak)
rCorr   .          Rampage  .   (no gloves)
Will    .....                   (no boots)
Stlth   ..........              (no amulet)
HPRegen 0.00/turn               (no ring)
MPRegen 0.10/turn               (no ring)

@: mighty, inhibited regen
A: claws 1, cold resistance 1, negative energy resistance 3, inhibited
regeneration, torment resistance 2
a: Renounce Religion


You were on level 5 of the Dungeon.
You worshipped Ru.
Ru was noncommittal.
You visited 2 branches of the dungeon, and saw 7 of its levels.

You collected 336 gold pieces.

Inventory:

Hand Weapons
 e - a +0 morningstar (weapon)
   (You took it off an orc on level 3 of the Dungeon)
Missiles
 h - 3 poisoned darts (quivered)
 n - a boomerang
Armour
 b - a +0 helmet (worn)
   (You took it off Robin on level 1 of the Dungeon)
 k - a +0 plate armour of cold resistance (worn)
   (You found it on level 2 of the Dungeon)
 u - a +0 kite shield (worn)
   (You found it on level 5 of the Dungeon)
Wands
 t - a wand of iceblast (9)
   (You found it on level 5 of the Dungeon)
 v - a wand of flame (10)
   (You found it on level 5 of the Dungeon)
Scrolls
 a - 2 scrolls of fog {unknown}
 f - a scroll of enchant weapon {unknown}
 i - a scroll of immolation {unknown}
 j - 2 scrolls of teleportation {@r4}
 l - 2 scrolls of blinking {unknown}
 m - 3 scrolls of enchant armour {unknown}
 o - 2 scrolls of magic mapping {unknown}
 p - a scroll of noise {unknown}
 r - a scroll of amnesia {unknown}
 w - a scroll of identify {@r1}
Potions
 c - a potion of ambrosia {unknown}
 g - a potion of curing {@q1}
 q - a potion of haste {@q3}
 s - a potion of flight {unknown}


   Skills:
 + Level 6.0 Fighting
 * Level 6.2 Maces & Flails
 + Level 4.9 Armour
 * Level 5.3 Shields


You had 7 spell levels left.
You didn't know any spells.
Your spell library contained the following spells:

 Spells                   Type           Power      Damage    Failure   Level
 Slow                     Hex            0%         N/A       100%        1
 Confusing Touch          Hex            0%         N/A       100%        3
 Vampiric Draining        Necr           0%         2d6       100%        3
 Airstrike                Air            0%         N/A       100%        4
 Summon Lightning Spire   Summ/Air       0%         N/A       100%        4
 Lightning Bolt           Conj/Air       0%         1d11      100%        5


Dungeon Overview and Level Annotations

Branches:
Dungeon (6/15)             Temple (1/1) D:5

Altars:
Ashenzari
Dithmenos
Elyvilon
Fedhas
Hepliaklqana
Makhleb
Nemelex Xobeh
Okawaru
Ru
Xom
Yredelemnul

Annotations:
D:5 Menkaure


Innate Abilities, Weirdness & Mutations

You thrive by killing the living.
You are immune to poison.
You have sharp fingernails.
Your flesh is cold resistant. (rC+)
You are immune to negative energy. (rN+++)
You do not regenerate when monsters are visible.
You are immune to unholy pain and torment.


Message History

You puncture the gnoll! You block the gnoll's attack. x2
The gnoll hits you but does no damage. You block the gnoll's attack.
You thump the gnoll!
You kill the gnoll!
The gnoll hits you but does no damage. x2
You block the gnoll's attack.
Things that are here:
a +0 halberd; a gnoll corpse You barely miss the gnoll.
The gnoll hits you but does no damage. x2
You block the gnoll's attack.
You bludgeon the gnoll!!
You kill the gnoll!
You block the gnoll's attack.
Your Maces & Flails skill increases to level 6!
The gnoll barely misses you.
You sock the gnoll!
You kill the gnoll!
No target in view!
No target in view!
No target in view!
No target in view!
Things that are here:
a +0 spear; a gnoll corpse
Things that are here:
a +0 halberd; a gnoll corpse You now have 315 gold pieces (gained 12).
Things that are here:
a +0 spear; a gnoll corpse You now have 325 gold pieces (gained 10).
Things that are here:
a +0 spear; a gnoll corpse A hound comes into view.
The hound barks!
The hound bites you but does no damage.
A hound is nearby!
A hound is nearby!
A hound is nearby!
You hit the hound. You block the hound's attack.
The hound bites you but does no damage.
You closely miss the hound. You block the hound's attack.
The hound bites you but does no damage.
You puncture the hound! You block the hound's attack.
The hound bites you but does no damage.
You closely miss the hound. The hound barely misses you.
You block the hound's attack.
You completely miss the hound.
The hound bites you but does no damage. x2
You sock the hound!
You kill the hound!
No target in view!
There is an escape hatch in the floor here.
You now have 336 gold pieces (gained 11).
v - a wand of flame (10)
A howler monkey comes into view.
The howler monkey howls!
The howler monkey hoots and howls with incredible vigour!
You hear a shout!
A howler monkey is nearby!
A howler monkey is nearby!
Found an escape hatch in the ceiling.
You block the howler monkey's attack. The howler monkey barely misses you.
You barely miss the howler monkey.
The howler monkey hits you but does no damage.
You barely miss the howler monkey. The howler monkey hits you.
The howler monkey hits you but does no damage.
You closely miss the howler monkey.
The howler monkey hits you but does no damage.
The howler monkey hoots and howls with incredible vigour!
You thump the howler monkey!
An ogre comes into view. It is wielding a +0 giant club.
The howler monkey hits you but does no damage.
You hit the howler monkey.
You kill the howler monkey!
You feel better.
You hit the ogre but do no damage. You block the ogre's attack.
You sock the ogre! The ogre hits you with a +0 giant club.
You puncture the ogre! The ogre barely misses you.
An ogre is nearby!
An ogre is nearby!
You puncture the ogre!
You kill the ogre!
Your Fighting skill increases to level 6!
No target in view!
Things that are here:
a +0 giant club; an ogre corpse
Found a stone staircase leading down.
There is an escape hatch in the ceiling here.
There is a stone staircase leading down here.
You see here 18 stones.
w - a scroll of identify {@r1}
Found a stone staircase leading down.
There is a stone staircase leading down here.
Key pressed, stopping explore.
You see here 18 stones.
Things that are here:
a +0 spear; a gnoll skeleton Done exploring.
Done exploring.
Done exploring.
Done exploring.
There is an escape hatch in the floor here.
There is a stone staircase leading down here.
You climb downwards.
You hear the sound of rushing water.
There is an entrance to a sewer on this level.
Hurry and find it before the portal rusts away!
There is a stone staircase leading up here.
Found 15 sling bullets.
a - 2 scrolls labelled MOLEHEGR JIYTS (gained 1)
Found a stone staircase leading up.
An orc warrior comes into view. It is wielding a +0 glaive.
An orc warrior is nearby!
An orc warrior is nearby!
An orc warrior is nearby!
The orc warrior shouts!
You hear a shout!
The orc warrior hits you with a +0 glaive.
An orc comes into view. It is wielding a +0 hand axe.
You hit the orc warrior but do no damage.
The orc warrior barely misses you.
You hit the orc warrior but do no damage.
The orc warrior hits you but does no damage.
The orc warrior hits you with a +0 glaive.
You hit the orc warrior but do no damage.
You block the orc warrior's attack.
You closely miss the orc warrior. You block the orc's attack.
You block the orc warrior's attack.
The orc warrior hits you with a +0 glaive.
You block the orc's attack.
You thump the orc warrior!
Menkaure, Prince of Dust comes into view.
You block the orc's attack.
The orc warrior hits you with a +0 glaive!
The orc warrior hits you from afar with a +0 glaive!
* * * LOW HITPOINT WARNING * * *
Menkaure mumbles some strange words.
Menkaure seems to speed up.
There is a stone staircase leading up here.
Menkaure completely misses you.
You climb upwards.
There is a stone staircase leading down here.
You hit Menkaure but do no damage. Menkaure hits you.
* * * LOW HITPOINT WARNING * * *
You hit Menkaure. Menkaure hits you!
* * * LOW HITPOINT WARNING * * *
Menkaure hits you!
* * * LOW HITPOINT WARNING * * *
You barely miss Menkaure. Menkaure barely misses you.
You feel very mighty all of a sudden. Menkaure hits you.
* * * LOW HITPOINT WARNING * * *
Menkaure hits you.
You die...

# ##...## ######.##.... # ##.##
#............ # #.# #.####.##....
# #.# #.# #.##.#)# # #.# #.#
#.##.#.) # ########.#####.#
#.##.... # #....).........#
#.......
########.######<############.###>
.........# #.@M...###....## ##
########.###########........# #
............................## ##
########.##############......###.
#####.# #.......##...# #.....####
#.####.####.## #.##.#...# #.# #.#
#.## #.###.##.#
######.####.####.## #.# ####.#
#...(.........##.##


You could see Menkaure (fast).

Vanquished Creatures
  Sigmund (D:5)
  An ice beast (D:5)
  An ogre (D:5)
  2 phantoms (D:5)
  2 scorpions
  A water moccasin zombie (D:5)
  4 wights (D:4)
  A howler monkey (D:5)
  2 centaur skeletons
  A hound (D:5)
  An orc priest (D:3)
  2 jellies
  A gnoll shaman (D:4)
  Jessica (D:3)
  A scorpion zombie (D:3)
  Natasha (thrice) (D:2)
  A hound zombie (D:5)
  A hound skeleton (D:3)
  Robin (D:1)
  7 gnolls
  3 adders
  3 adder skeletons (D:4)
  5 dart slugs
  20 orcs
  4 bats
  3 endoplasms
  3 giant cockroaches
  14 hobgoblins
  3 jackals (D:1)
  4 quokkas
  8 ball pythons
  A frilled lizard (D:2)
  12 goblins
  5 kobolds
  5 rats
128 creatures vanquished.

Notes
Turn   | Place    | Note
-------+----------+-------------------------------------------
     0 | D:1      | CryoSword the Ghoul Fighter began the quest for the Orb.
     0 | D:1      | Reached XP level 1. HP: 19/19 MP: 0/0
    56 | D:1      | Reached XP level 2. HP: 22/26 MP: 1/1
   973 | D:2      | Reached XP level 3. HP: 30/31 MP: 2/2
  1194 | D:2      | Noticed Natasha
  1203 | D:2      | Killed Natasha
  1204 | D:2      | Reached XP level 4. HP: 32/40 MP: 3/3
  1309 | D:2      | Found a faded altar of an unknown god.
  1422 | D:2      | Noticed Natasha
  1430 | D:2      | Killed Natasha
  1513 | D:2      | Noticed Natasha
  1529 | D:2      | Killed Natasha
  1530 | D:2      | Reached XP level 5. HP: 14/46 MP: 4/4
  1768 | D:2      | Noticed Robin
  1841 | D:1      | Killed Robin
  2707 | D:3      | Reached XP level 6. HP: 48/52 MP: 5/5
  2745 | D:3      | Noticed Jessica
  2750 | D:3      | Killed Jessica
  3925 | D:3      | Reached XP level 7. HP: 19/60 MP: 6/6
  4353 | D:4      | Reached skill level 5 in Fighting
  4836 | D:4      | Reached skill level 5 in Maces & Flails
  5230 | D:5      | Entered Level 5 of the Dungeon
  5248 | D:5      | Found a staircase to the Ecumenical Temple.
  5273 | D:5      | Noticed Sigmund
  5302 | D:5      | Killed Sigmund
  5303 | D:5      | Reached XP level 8. HP: 43/69 MP: 7/7
  5320 | Temple   | Entered the Ecumenical Temple
  5577 | Temple   | Became a worshipper of Ru the Awakened
  5851 | D:5      | Reached skill level 5 in Shields
  6828 | D:6      | Noticed Menkaure
  6842 | D:5      | Slain by Menkaure

Illustrated notes

Levels and vault maps discovered:
D:1:      sevenhm_arrival_forest_fort_small_1, layout_basic
D:2:      layout_basic, shapermc_ecumenical_altar_venn, uniq_natasha, uniq_robin
D:3:      layout_loops_ring, st_stairs_11, uniq_jessica
D:4:      layout_basic, kennysheep_dice
D:5:      layout_loops_ring, minmay_temple_entry_water_ring,
          minmay_misc_feat_hallway, uniq_sigmund
D:6:      layout_loops_ring, portal_sewer_entry_d, supply_closet_lemuel,
          uniq_menkaure, uniq_eustachio
Temple:   roderic_octagonal_lattice_temple

Skill      XL: |  1  2  3  4  5  6  7  8 |
---------------+-------------------------+-----
Maces & Flails | 2 3 4 5 6 |  6.2
Armour         | 3 4 |  4.9
Shields        | 3 4 5 |  5.3
Fighting       | 4 5 6 |  6.0

Action                   |  1- 3 |  4- 6 |  7- 9 || total
-------------------------+-------+-------+-------++-------
Melee: Flail             |    93 |   152 |       ||   245
       Morningstar       |       |   115 |   145 ||   260
  Use: Scroll            |       |     2 |     2 ||     4
       Potion            |       |       |     3 ||     3
Armor: Scale mail        |    29 |       |       ||    29
       Plate armour      |    19 |   268 |   102 ||   389
Dodge: Dodged            |    42 |   113 |    32 ||   187
Block: Buckler           |    22 |    70 |    11 ||   103
       Kite shield       |       |       |    38 ||    38
